AoeStats
← KOSOVAR

Arena

510120555Analyzed
4v4 RM · 4d ago on Sep 29, 2026· 41m 55s· 8 players
Game mode
Random Map
Map size
Large (8 player)
Population
200
Speed
Normal
Resources
Standard
Victory
Conquest
Starting age
Dark Age
Ending age
Imperial Age
RankedLock teamsTeams togetherTeam positionsShared explorationLock speedFull tech treeHidden civsTurbo modeCheats
Victory
Defeat
🇺🇸 Teutons · United States
926
+9
🇹🇼 Vietnamese · Taiwan
850
+12
🇨🇦 Persians · Canada
830
+13
🇸🇪 Danes · Sweden
745
+32
🇧🇷 Jurchens · Brazil
821
-15
🇵🇪 Bohemians · Peru
762
-13
🇻🇳 Burmese · Vietnam
750
-12
🇪🇸 Portuguese · Spain
722
-11
xxyvonnederful
11:17 Feudal Age
12:51 Double-Bit Axe
15:36 Castle Age
13:31 Horse Collar
17:02 Bow Saw
17:30 Wheelbarrow
16:58 Heavy Plow
18:32 Gold Mining
22:22 Hand Cart
23:02 Stone Mining
27:48 Imperial Age
25:04 Town Watch
25:08 Loom
26:28 Scale Barding Armor
26:34 Forging
27:30 Bloodlines
28:01 Chain Barding Armor
27:56 Cavalier
29:16 Iron Casting
29:22 Plate Barding Armor
28:38 Fletching
30:31 Stone Shaft Mining
30:19 Conscription
30:22 Caravan
30:09 Paladin
33:43 Hoardings
33:19 Capped Ram
35:24 Blast Furnace
34:24 Bodkin Arrow
41:12 Crenellations
Khan-Baba
14:17 Feudal Age
15:16 Double-Bit Axe
16:42 Gold Mining
16:44 Stone Mining
17:11 Forging
17:06 Scale Barding Armor
19:30 Castle Age
21:45 Stone Shaft Mining
20:52 Horse Collar
22:42 Loom
23:48 Bow Saw
24:31 Iron Casting
29:37 Bloodlines
32:00 Husbandry
33:46 Wheelbarrow
32:56 Town Watch
35:46 Imperial Age
36:25 Chain Barding Armor
37:05 Blast Furnace
35:46 Cavalier
38:09 Gold Shaft Mining
37:41 Heavy Plow
37:26 Savar
GGW
11:20 Feudal Age
13:00 Loom
15:29 Castle Age
13:48 Double-Bit Axe
14:14 Horse Collar
17:08 Bow Saw
22:37 Wheelbarrow
21:51 Town Watch
23:50 Hand Cart
29:08 Imperial Age
27:15 Gold Mining
27:17 Stone Mining
27:31 Heavy Plow
28:01 Ballistics
27:53 Masonry
27:51 Thumb Ring
28:19 Fletching
28:31 Padded Archer Armor
28:00 Pikeman
28:53 Town Patrol
28:31 Crossbowman
29:35 Leather Archer Armor
29:17 Bodkin Arrow
29:32 Arbalester
30:17 Bracer
31:29 Chemistry
31:47 Scale Mail Armor
32:22 Ring Archer Armor
32:45 Halberdier
33:41 Caravan
35:15 Stone Shaft Mining
36:17 Paper Money
35:20 Elite Rattan Archer
37:03 Chain Mail Armor
37:01 Forging
37:05 Guilds
40:47 Arson
41:03 Squires
40:24 Elite Fire Lancer
frank
1:32 Loom
2:36 Loom
14:49 Feudal Age
15:26 Arson
25:38 Castle Age
27:29 Crossbowman
28:58 Squires
31:21 Padded Archer Armor
KOSOVAR
7:21 Loom
11:07 Feudal Age
13:26 Double-Bit Axe
19:01 Castle Age
19:39 Gold Mining
19:42 Stone Mining
19:35 Horse Collar
20:00 Padded Archer Armor
22:52 Bow Saw
23:46 Wheelbarrow
25:14 Circumnavigation
26:52 Heavy Plow
29:22 Hand Cart
31:30 Ballistics
35:23 Imperial Age
35:27 Leather Archer Armor
35:51 Murder Holes
36:37 Conscription
36:21 Arquebus
36:29 Pikeman
36:55 Gambesons
36:56 Arson
37:27 Forging
37:17 Scale Mail Armor
37:55 Ring Archer Armor
38:56 Chain Mail Armor
39:16 Iron Casting
39:07 Halberdier
41:28 Siege Engineers
42:24 Chemistry
fadul2105
7:58 Loom
12:22 Feudal Age
16:32 Castle Age
14:54 Double-Bit Axe
18:03 Bow Saw
23:19 Horse Collar
26:23 Wheelbarrow
26:18 Heavy Plow
26:45 Forging
29:10 Iron Casting
29:15 Hand Cart
29:51 Town Watch
32:33 Chemistry
34:51 Imperial Age
33:32 Ballistics
33:22 Scale Mail Armor
34:13 Chain Mail Armor
35:02 Masonry
34:32 Pikeman
35:16 Squires
35:28 Wagenburg Tactics
36:20 Conscription
35:30 Halberdier
36:38 Siege Engineers
36:15 Houfnice
38:38 Blast Furnace
39:32 Plate Mail Armor
41:14 Elite Skirmisher
Gods ;*
13:39 Feudal Age
15:19 Double-Bit Axe
23:41 Castle Age
21:15 Man-at-Arms
22:02 Fletching
22:15 Padded Archer Armor
22:21 Gold Mining
22:56 Horse Collar
24:45 Stone Mining
25:29 Crossbowman
31:30 Gold Shaft Mining
31:31 Stone Shaft Mining
duchuy2442
10:42 Feudal Age
18:01 Fletching
20:22 Castle Age
19:10 Horse Collar
23:26 Wheelbarrow
26:08 Heavy Plow
28:43 Hand Cart
30:52 Scale Barding Armor
30:39 Town Watch
32:38 Chain Barding Armor
36:13 Stone Mining
36:38 Town Patrol
38:58 Light Cavalry
43:50 Imperial Age
Connection lost

Rejoining the realm…

Still unreachable

The connection could not be restored.

Session expired

The server has moved on; the page needs a fresh start.